AoeStats
← JamesNewstedd

Fortress

510192972Analyzed
4v4 RM · 2d ago on Sep 29, 2026· 99m 36s· 8 players
Game mode
Random Map
Map size
Huge
Population
200
Speed
Normal
Resources
Standard
Victory
Conquest
Starting age
Dark Age
Ending age
Imperial Age
RankedLock teamsTeams togetherTeam positionsShared explorationLock speedFull tech treeHidden civsTurbo modeCheats
Victory
Defeat
🇦🇷 Bengalis · Argentina
1555
+15
🇳🇱 Mongols · Netherlands
1482
+18
🇺🇸 Persians · United States
1465
+19
🇲🇽 Britons · Mexico
1462
+19
🇩🇪 Saxons · Germany
1633
-23
🇩🇪 Khmer · Germany
1521
-17
🇩🇪 Chinese · Germany
1493
-16
🇩🇪 Koreans · Germany
1453
-15
Dani_AOE2
7:49 Feudal Age
11:48 Castle Age
9:36 Horse Collar
9:41 Double-Bit Axe
10:48 Gold Mining
15:25 Wheelbarrow
16:25 Heavy Plow
16:42 Bow Saw
16:46 Loom
20:47 Stone Mining
21:18 Hand Cart
22:05 Town Watch
22:23 Padded Archer Armor
22:52 Fletching
23:59 Gold Shaft Mining
24:07 Bodkin Arrow
27:35 Imperial Age
25:39 Husbandry
26:18 Ballistics
26:39 Thumb Ring
26:46 Bloodlines
26:47 Light Cavalry
27:34 Scale Barding Armor
27:39 Forging
28:20 Bracer
28:12 Elite Mangudai
29:54 Chemistry
29:20 Chain Barding Armor
29:50 Masonry
30:01 Onager
31:08 Conscription
31:26 Drill
31:48 Caravan
36:40 Leather Archer Armor
37:00 Iron Casting
37:49 Siege Engineers
40:22 Parthian Tactics
39:59 Hussar
41:21 Iron Casting
40:23 Capped Ram
46:51 Siege Ram
50:11 Blast Furnace
48:41 Siege Onager
65:31 Fortified Wall
79:47 Devotion
86:36 Murder Holes
93:03 Spies/Treason
MEX_Angel_Tj
9:04 Feudal Age
12:52 Castle Age
10:49 Fletching
10:59 Padded Archer Armor
10:41 Horse Collar
10:48 Double-Bit Axe
12:24 Wheelbarrow
13:29 Bodkin Arrow
13:49 Leather Archer Armor
25:55 Hand Cart
29:45 Imperial Age
28:13 Bow Saw
29:13 Gold Mining
29:16 Stone Mining
29:45 Heavy Plow
30:14 Town Watch
29:51 Elite Longbowman
30:53 Yeomen
30:54 Conscription
30:42 Pikeman
31:23 Squires
31:28 Bracer
32:10 Ballistics
32:21 Forging
32:12 Scale Mail Armor
32:34 Caravan
33:03 Elite Skirmisher
36:22 Ring Archer Armor
37:02 Chemistry
39:43 Chain Mail Armor
40:04 Iron Casting
39:39 Halberdier
43:15 Loom
46:53 Plate Mail Armor
47:24 Blast Furnace
54:02 Murder Holes
55:01 Town Patrol
62:29 Warwolf
62:01 Sappers
65:20 Scale Barding Armor
65:53 Heated Shot
67:51 Gold Shaft Mining
71:44 Masonry
82:22 Fortified Wall
91:40 Treadmill Crane
92:30 Architecture
95:57 Chain Barding Armor
96:42 Two-Man Saw
97:48 Spies/Treason
(GDL)Ultthor
8:01 Feudal Age
11:43 Castle Age
9:39 Double-Bit Axe
9:54 Horse Collar
13:30 Bow Saw
13:33 Heavy Plow
17:30 Wheelbarrow
19:49 Gold Mining
20:51 Hand Cart
22:20 Fletching
25:03 Imperial Age
23:37 Ballistics
23:08 Loom
23:08 Town Watch
23:52 Bodkin Arrow
25:19 Elite Elephant Archer
28:07 Padded Archer Armor
28:08 Bracer
29:18 Chemistry
28:31 Bloodlines
29:14 Padded Archer Armor
30:37 Leather Archer Armor
31:52 Ring Archer Armor
32:11 Siege Engineers
32:23 Paiks
35:53 Coinage
40:27 Banking
40:45 Husbandry
47:35 Conscription
49:14 Caravan
49:45 Mahayana
50:39 Devotion
63:14 Two-Man Saw
62:30 Onager
72:51 Onager
92:20 Spies/Treason
_WizarD_
6:43 Loom
8:29 Feudal Age
9:09 Feudal Age
10:59 Double-Bit Axe
13:19 Castle Age
11:33 Horse Collar
14:28 Bow Saw
20:36 Wheelbarrow
19:47 Loom
26:04 Imperial Age
24:09 Gold Mining
24:11 Stone Mining
25:09 Scale Barding Armor
25:15 Forging
25:11 Heavy Plow
26:08 Bloodlines
25:59 Husbandry
25:58 Cavalier
27:17 Chain Barding Armor
27:33 Iron Casting
28:34 Plate Barding Armor
27:22 Savar
28:49 Crop Rotation
32:52 Hand Cart
32:22 Town Watch
35:55 Caravan
36:26 Coinage
38:53 Gold Shaft Mining
38:54 Banking
45:55 Light Cavalry
47:43 Blast Furnace
46:48 Hussar
49:16 Two-Man Saw
50:44 Town Patrol
60:42 Fletching
60:53 Padded Archer Armor
62:35 Masonry
68:36 Guard Tower
83:52 Ballistics
84:32 Chemistry
84:29 Conscription
85:31 Elite War Elephant
91:26 Spies/Treason
105er.DarkSheep
0:28 Loom
7:32 Feudal Age
11:41 Castle Age
9:53 Double-Bit Axe
10:38 Horse Collar
16:06 Bow Saw
20:22 Wheelbarrow
20:34 Heavy Plow
21:45 Gold Mining
21:56 Stone Mining
26:23 Imperial Age
24:51 Gold Shaft Mining
24:28 Fletching
25:32 Hand Cart
25:04 Town Watch
25:45 Ballistics
26:26 Bodkin Arrow
27:07 Husbandry
27:08 Bracer
28:10 Chemistry
27:59 Conscription
29:07 Two-Man Saw
28:39 Elite War Wagon
30:18 Thumb Ring
31:14 Caravan
34:03 Heavy Rocket Cart
37:52 Eupseong
38:35 Coinage
38:16 Guilds
39:07 Siege Engineers
39:53 Banking
40:40 Masonry
40:41 Fortified Wall
41:14 Forging
44:26 Architecture
48:00 Arrowslits
52:05 Scale Barding Armor
52:36 Iron Casting
51:51 Light Cavalry
52:43 Hussar
57:23 Chain Barding Armor
59:30 Shinkichon
66:46 Murder Holes
Ned Stark's Bastard
0:36 Loom
7:50 Feudal Age
11:28 Castle Age
9:55 Double-Bit Axe
9:57 Horse Collar
16:11 Bow Saw
22:34 Wheelbarrow
22:48 Gold Mining
23:01 Heavy Plow
25:18 Hand Cart
27:56 Imperial Age
25:25 Town Watch
26:39 Gold Shaft Mining
26:38 Ballistics
28:04 Fortified Wall
28:07 Heavy Scorpion
29:16 Conscription
29:52 Rocketry
30:10 Great Wall
32:42 Chemistry
32:33 Scale Barding Armor
32:38 Forging
33:36 Chain Barding Armor
34:38 Light Cavalry
35:29 Bloodlines
35:20 Husbandry
42:16 Plate Barding Armor
42:16 Iron Casting
42:11 Fletching
49:40 Caravan
75:48 Cavalier
85:57 Bodkin Arrow
86:03 Padded Archer Armor
87:32 Blast Furnace
86:32 Scale Mail Armor
JamesNewstedd
8:49 Feudal Age
11:39 Castle Age
9:25 Double-Bit Axe
9:22 Horse Collar
12:20 Heavy Plow
12:33 Bow Saw
17:44 Wheelbarrow
17:34 Gold Mining
24:17 Imperial Age
23:34 Hand Cart
23:27 Scale Barding Armor
23:34 Forging
23:59 Husbandry
24:09 Bloodlines
24:54 Chain Barding Armor
25:10 Iron Casting
24:24 Light Cavalry
25:50 Gold Shaft Mining
25:35 Caravan
26:23 Plate Barding Armor
26:15 Hussar
28:02 Town Watch
28:36 Elite Battle Elephant
32:39 Blast Furnace
31:32 Fletching
31:42 Padded Archer Armor
31:44 Scale Mail Armor
31:37 Stone Mining
32:20 Conscription
32:02 Tusk Swords
39:39 Crop Rotation
39:46 Stone Shaft Mining
45:32 Double Crossbow
44:53 Elite Ballista Elephant
47:26 Coinage
47:45 Sappers
50:58 Banking
54:03 Bodkin Arrow
54:24 Leather Archer Armor
54:25 Chain Mail Armor
65:25 Siege Engineers
65:14 Guard Tower
66:25 Chemistry
67:36 Loom
70:27 Keep
69:48 Murder Holes
70:04 Masonry
69:52 Murder Holes
76:19 Architecture
76:04 Fortified Wall
Scol1ng
7:34 Feudal Age
11:42 Castle Age
9:26 Horse Collar
9:34 Double-Bit Axe
9:37 Horse Collar
13:24 Bow Saw
14:32 Wheelbarrow
14:01 Loom
18:15 Heavy Plow
19:25 Stone Mining
20:26 Gold Mining
25:27 Imperial Age
23:35 Forging
23:27 Scale Mail Armor
23:28 Squires
24:45 Gold Shaft Mining
25:25 Iron Casting
26:39 Iron Casting
26:21 Chain Mail Armor
26:10 Elite Hearth Troop
26:41 Fletching
27:49 Conscription
28:08 Plate Mail Armor
27:36 Capped Ram
28:21 Shield Wall
29:09 Bodkin Arrow
30:42 Iron Casting
30:08 Bracer
30:51 Fortified Wall
33:06 Ballistics
35:06 Two-Man Saw
36:54 Chemistry
37:59 Hand Cart
38:22 Masonry
38:52 Caravan
41:57 Capped Ram
46:30 Clerical Recruitment
48:21 Block Printing
48:17 Redemption
48:27 Sanctity
48:34 Illumination
48:10 Devotion
48:45 Theocracy
48:36 Town Watch
49:52 Devotion
49:53 Atonement
63:35 Siege Engineers
64:00 Architecture
66:28 Hoardings
71:46 Siege Ram
Connection lost

Rejoining the realm…

Still unreachable

The connection could not be restored.

Session expired

The server has moved on; the page needs a fresh start.